 Dungeon Crawl Stone Soup version 0.16.0 (webtiles) character file.

247906 Fiveotanaka the Sensei (level 19, -9/103 HPs)
             Began as a Vine Stalker Monk on Mar 19, 2015.
             Was the Champion of Okawaru.
             Shot with a bolt by a yaktaur (13 damage)
             ... led by a vault warden
             ... on level 1 of the Vaults.
             The game lasted 02:52:33 (40076 turns).

Fiveotanaka the Sensei (Vine Stalker Monk)         Turns: 40076, Time: 02:52:33

Health: -9/103     AC: 26    Str: 16      XL:     19   Next: 55%
Magic:  0/28       EV: 22    Int:  5 (10) God:    Okawaru [******]
Gold:   3618       SH:  0    Dex: 28      Spells: 3 memorised, 11 levels left

rFire  + . .     SeeInvis .       - Unarmed
rCold  . . .     Clarity  +     K - +3 chain mail {rF+}
rNeg   . . .     SustAb   .     (no shield)
rPois  +         Gourm    .     Y - +2 hat
rElec  .         Spirit   +     F - +0 cloak {rPois}
rCorr  +         Warding  .     Q - +1 pair of gloves
rMut   .         Stasis   .     R - +1 pair of boots {Stlth+}
MR     ++...                    N - amulet of resist corrosion
Stlth  +.........               V - +5 ring of dexterity
                                o - +4 ring of evasion

@: about to teleport, very resistant to hostile enchantments, very unstealthy
A: claws 1, fangs 3, molten scales 1, thin skeletal structure 1, berserk 1,
clarity, clumsy 1, regeneration 3, shaggy fur 1, wild magic 1, magic shield,
antimagic bite, no device heal 3, rot immunity, MP-powered wands 1
a: Heroism, Finesse, Renounce Religion
}: 2/15 runes: decaying, gossamer


You were on level 1 of the Vaults.
You worshipped Okawaru.
Okawaru was exalted by your worship.
You were not hungry.

You visited 7 branches of the dungeon, and saw 39 of its levels.
You also visited: Sewer.

You collected 3674 gold pieces.
You spent 56 gold pieces at shops.

Inventory:

Hand weapons
 W - a +4 blowgun of evasion
Missiles
 h - 691 stones (quivered)
 m - 8 curare-tipped needles
 q - 113 poisoned needles
 G - 3 needles of slowing
 M - 7 throwing nets
Armour
 F - a +0 cloak of poison resistance (worn)
 K - a +3 chain mail of fire resistance (worn)
 Q - a +1 pair of gloves (worn)
 R - a +1 pair of boots of stealth (worn)
 Y - a +2 hat (worn)
Jewellery
 o - a +4 ring of evasion (left hand)
 A - an uncursed ring of protection from magic
 B - an uncursed ring of see invisible
 N - an amulet of resist corrosion (around neck)
 V - a +5 ring of dexterity (right hand)
 Z - an uncursed amulet of clarity
Magical devices
 a - a wand of fire (8)
 r - a wand of teleportation (4)
 I - a wand of cold (6)
 J - a wand of magic darts (21)
 L - a wand of disintegration (9)
 U - a wand of hasting (5)
Scrolls
 c - 4 scrolls of fear
 d - 3 scrolls of recharging
 f - 9 scrolls of remove curse
 k - 8 scrolls of teleportation
 l - 2 scrolls of blinking
 s - a scroll of identify
 w - 5 scrolls of magic mapping
 C - 5 scrolls of enchant armour
 E - a scroll of silence
 T - a scroll of fog
Potions
 i - a potion of cancellation
 j - 23 potions of curing
 n - 4 potions of berserk rage
 p - 3 potions of flight
 t - 3 potions of magic
 u - 2 potions of haste
 v - 4 potions of brilliance
 x - 3 potions of restore abilities
 D - 3 potions of might
 P - 6 potions of agility
Comestibles
 b - 19 bread rations
 g - 20 meat rations
 z - a chunk of flesh


   Skills:
 - Level 12.7 Fighting
 + Level 12.2 Armour
 + Level 12.6 Dodging
 - Level 2.4 Stealth
 * Level 22.5 Unarmed Combat
 + Level 5.3 Invocations


You had 11 spell levels left.
You knew the following spells:

 Your Spells              Type           Power        Failure   Level  Hunger
a - Blink                 Tloc           N/A          100%        2    ###....
b - Repel Missiles        Chrm/Air       #.....       100%        2    ###....
c - Flight                Chrm/Air       #.........   100%        3    ####...


Dungeon Overview and Level Annotations

Branches:
Dungeon (15/15)            Temple (1/1) D:5            Lair (8/8) D:9
  Swamp (5/5) Lair:5       Spider (5/5) Lair:3        Slime (0/6) Lair:7
    Orc (4/4) D:11            Elf (0/3) Orc:3        Vaults (1/5) D:13
 Depths: D:15

Altars:
Ashenzari
Cheibriados
Dithmenos
Elyvilon
Fedhas
Gozag
Kikubaaqudgha
Makhleb
Nemelex Xobeh
Okawaru
Ru
Sif Muna
Trog
Vehumet
Xom
Yredelemnul
Zin
The Shining One
Beogh
Jiyva

Shops:
D:4 (   D:12 *   Orc:2 !   Orc:4 %?!:

Annotations:
D:4 Blork the orc
Swamp:2 exclusion: Roxanne, Roxanne


Innate Abilities, Weirdness & Mutations

You have razor-sharp teeth.
You regenerate.
When hurt, damage is shared between your health and your magic reserves.
Your bite disrupts and absorbs the magic of your enemies.
Potions and wands cannot restore your health.
You are immune to rotting.
You have sharp fingernails.
You are partially covered in molten scales (AC +1).
You have a somewhat thin skeletal structure (Dex +2, Stealth).
You tend to lose your temper in combat.
You possess an exceptional clarity of mind.
You are clumsy. (Dex -2)
You are covered in fur (AC +1).
Your spells are a little harder to cast, but a little more powerful.
You expend magic power (3 MP) to slightly strengthen your wands.


Message History

The yaktaur barely misses you.
The yaktaur wields an uncursed arbalest.
The yaktaur shoots a bolt.
The bolt misses you.
The yaktaur wields an arbalest.
The yaktaur shoots a bolt.
The bolt barely misses you.
The yaktaur hits you but does no damage.
The yaktaur wields an uncursed arbalest.
The yaktaur shoots a bolt.
The bolt hits you!
* * * LOW HITPOINT WARNING * * *
You see here 2 bolts.
Eat which item? (? for menu, Esc to quit)
Okay, then.
Read which item? (? for menu, Esc to quit)
As you read the scroll of teleportation, it crumbles to dust.
You feel strangely unstable.
The yaktaur shoots a bolt.
The bolt hits you but does no damage.
The yaktaur shoots a bolt.
The bolt hits you!!
* * * LOW HITPOINT WARNING * * *
The yaktaur hits you but does no damage.
The yaktaur shoots a bolt.
The bolt hits you!
You die...

#####.........'.>.#.+..#..##.#...
#...>.....#...###..#.....#...
#.........##### ####...#.#...
#.........# #...#.#...
###+############## ##.....#...
#.....# #.... ..##########
#.#...# #...#...# #.....#
#.#...#.# #...#.#######@......#
####(c...c())p.(c#######
...c.#######(#.c.# ...#.# #cc...#
.#(..# #..c#.# ..(..# #.)...#
####c# #'##### ..............
.......c......


You could see a vault warden and 6 yaktaurs.

Vanquished Creatures
  the Lernaean hydra (Swamp:5)
  Saint Roka (Swamp:5)
  Mara (Swamp:5)
  Nikola (Spider:2)
  An acid blob (Lair:7)
  Rupert (Lair:3)
  2 thorn hunters
  Wiglaf (Spider:5)
  A vault warden (Vaults:1)
  8 emperor scorpions
  Aizul (Spider:3)
  5 ghost moths (Spider:5)
  Louise (Swamp:4)
  2 very ugly things (Swamp:5)
  A stone giant (Vaults:1)
  2 green draconians (Swamp:3)
  A vault guard (D:13)
  Fannar (D:11)
  Harold (D:13)
  A ghost crab (Swamp:5)
  3 catoblepae (Lair:8)
  A centaur warrior (D:14)
  30 hydras
  Erica (Lair:4)
  4 alligators
  A tengu warrior (D:12)
  5 orc high priests
  15 death yaks
  Urug (D:13)
  4 skeletal warriors (D:14)
  6 spriggans
  5 unseen horrors
  2 spriggan druids
  4 necromancers (D:13)
  13 swamp dragons
  An ironbrand convoker (Vaults:1)
  Erolcha (D:13)
  11 hill giants
  Pikel (D:4)
  25 orb spiders
  A shambling mangrove (Swamp:3)
  A cyclops (D:14)
  29 wolf spiders
  2 orc sorcerers
  18 ugly things
  3 black mambas
  2 moths of wrath
  7 hornets
  8 elephants
  2 vault sentinels (Vaults:1)
  2 manticores
  4 griffons
  A guardian serpent (D:13)
  An elephant (shapeshifter) (Vaults:1)
  4 gargoyles
  2 torpor snails
  A spiny frog (shapeshifter) (D:14)
  Psyche (D:9)
  3 yaktaurs (Vaults:1)
  8 demonic crawlers
  8 komodo dragons
  19 spiny frogs
  2 tengu conjurers (D:14)
  33 jumping spiders
  2 fire drakes
  Sonja (Orc:2)
  29 slime creatures
  2 two-headed ogres (D:12)
  A polar bear (Lair:4)
  A queen bee (Lair:2)
  7 trolls
  10 giant leeches
  26 blink frogs
  Prince Ribbit (D:6)
  2 boulder beetles (Spider:1)
  8 bog bodies
  7 ravens
  A basilisk (Lair:7)
  A trapdoor spider zombie (D:9)
  2 wyverns
  19 trapdoor spiders
  45 redbacks
  A vampire (D:14)
  26 tarantellas
  62 yaks
  2 wraiths
  Eustachio (D:10)
  A mottled dragon (Vaults:1)
  3 shadows
  13 hippogriffs
  21 vampire mosquitoes
  18 humans (D:13)
  Grum (D:9)
  13 insubstantial wisps
  24 swamp worms
  2 wandering mushrooms (Lair:6)
  2 hungry ghosts (D:9)
  4 wargs
  Edmund (D:5)
  Menkaure (D:4)
  12 wolves
  2 soldier ants
  15 water moccasins
  16 porcupines
  30 orc warriors
  29 spiders
  7 wasps
  3 ice beasts
  A black bear (D:7)
  18 swamp drakes
  A phantom (D:10)
  2 eyes of draining
  8 centaurs
  3 sky beasts
  9 ogres
  2 slaves (D:4)
  7 necrophages (Lair:4)
  2 boring beetles
  2 big kobolds
  A boring beetle (shapeshifter) (Vaults:1)
  Sigmund (D:2)
  Duvessa (D:5)
  17 crocodiles
  A brain worm (D:12)
  20 giant frogs
  A gnoll sergeant (D:6)
  7 scorpions
  42 killer bees
  11 electric eels
  3 wights (D:12)
  A goliath beetle (D:7)
  Dowan (D:5)
  2 quasits
  2 crimson imps
  2 giant frog zombies
  57 orc priests
  3 centaur skeletons
  Crazy Yiuf (D:4)
  5 giant frog skeletons
  8 iguanas
  2 centaur zombies
  9 hounds
  6 jellies
  33 orc wizards
  3 gnoll shamans (D:6)
  5 worker ants
  Natasha (thrice) (D:3)
  A killer bee zombie (D:9)
  22 sheep
  Jessica (D:2)
  A hound zombie (D:11)
  Terence (D:1)
  4 hound skeletons
  2 mummies (D:12)
  27 adders
  42 gnolls
  58 river rats
  3 shadow imps
  3 worms
  7 giant geckos
  An ooze (D:3)
  203 orcs
  A ball python (D:5)
  13 bats
  A bat zombie (D:5)
  10 giant cockroaches
  14 hobgoblins
  24 jackals
  16 kobolds
  A ball python skeleton (D:6)
  A giant newt (D:2)
  2 giant spores
  28 goblins
  A jackal zombie (D:7)
  13 quokkas
  19 rats
  16 ballistomycetes
  A briar patch (Swamp:2)
  A fungus (Lair:6)
  23 plants (Lair:3)
1669 creatures vanquished.

Vanquished Creatures (others)
  An orc wizard (D:13)
  A hobgoblin (D:7)
  A briar patch (Swamp:4)
  A fungus (Lair:8)
  2 plants
6 creatures vanquished.

Grand Total: 1675 creatures vanquished

Notes
Turn   | Place    | Note
--------------------------------------------------------------
     0 | D:1      | Fiveotanaka, the Vine Stalker Monk, began the quest for the Orb.
     0 | D:1      | Reached XP level 1. HP: 11/11 MP: 1/1
   201 | D:1      | Reached XP level 2. HP: 16/16 MP: 3/3
   273 | D:1      | Reached XP level 3. HP: 19/19 MP: 4/4
   405 | D:1      | Reached skill level 5 in Unarmed Combat
  1165 | D:2      | Noticed Jessica
  1167 | D:2      | Killed Jessica
  1167 | D:2      | Reached XP level 4. HP: 23/23 MP: 5/5
  1195 | D:2      | Noticed Terence
  1220 | D:1      | Killed Terence
  1339 | D:2      | Reached skill level 6 in Unarmed Combat
  1349 | D:2      | Reached XP level 5. HP: 23/27 MP: 5/7
  1564 | D:2      | Noticed Sigmund
  1577 | D:2      | Killed Sigmund
  1684 | D:3      | Reached skill level 7 in Unarmed Combat
  1687 | D:3      | Gained mutation: You heal very quickly. [vine stalker growth]
  1687 | D:3      | Reached XP level 6. HP: 28/32 MP: 8/8
  1721 | D:3      | Noticed Natasha
  1724 | D:3      | Killed Natasha
  2170 | D:3      | Noticed Natasha
  2176 | D:3      | Killed Natasha
  2513 | D:3      | Noticed Natasha
  2516 | D:3      | Killed Natasha
  2516 | D:3      | Reached skill level 8 in Unarmed Combat
  2550 | D:4      | Noticed Pikel
  2554 | D:4      | Reached XP level 7. HP: 35/35 MP: 9/9
  2623 | D:4      | Noticed Menkaure
  2772 | D:4      | Killed Menkaure
  2961 | D:4      | Found Oqaceam's Weapon Boutique.
  3105 | D:4      | Reached skill level 9 in Unarmed Combat
  3242 | D:4      | Noticed Blork the orc
  3334 | D:4      | Noticed Crazy Yiuf
  3342 | D:4      | Killed Crazy Yiuf
  3656 | D:4      | Killed Pikel
  3656 | D:4      | Reached skill level 10 in Unarmed Combat
  3656 | D:4      | Gained mutation: You have razor-sharp teeth. [vine stalker growth]
  3656 | D:4      | Reached XP level 8. HP: 39/39 MP: 11/11
  3679 | D:5      | Entered Level 5 of the Dungeon
  3749 | D:5      | Noticed Edmund
  3766 | D:5      | Killed Edmund
  3776 | D:5      | Found a staircase to the Ecumenical Temple.
  3796 | Temple   | Entered the Ecumenical Temple
  3912 | D:5      | Reached skill level 11 in Unarmed Combat
  4028 | D:5      | Noticed Dowan
  4029 | D:5      | Noticed Duvessa
  4034 | D:5      | Killed Dowan
  4042 | D:5      | Killed Duvessa
  4419 | D:6      | Reached XP level 9. HP: 43/43 MP: 12/12
  4544 | D:6      | Found a snail-covered altar of Cheibriados.
  4548 | D:6      | Reached skill level 12 in Unarmed Combat
  4573 | D:6      | Noticed Prince Ribbit
  4638 | D:6      | Killed Prince Ribbit
  4750 | D:6      | Found a glowing drain.
  4778 | Sewer    | Entered a sewer
  5004 | Sewer    | Found a glowing silver altar of Zin.
  5338 | D:6      | Reached skill level 13 in Unarmed Combat
  6333 | D:7      | Reached XP level 10. HP: 47/47 MP: 13/13
  6512 | D:7      | Reached skill level 14 in Unarmed Combat
  7706 | D:9      | Reached skill level 1 in Armour
  7754 | D:9      | Found a shadowy altar of Dithmenos.
  7756 | D:9      | Noticed Grum
  7775 | D:9      | Noticed Psyche
  7789 | D:9      | Killed Psyche
  7803 | D:9      | Killed Grum
  7941 | D:9      | Found a staircase to the Lair.
  8208 | D:9      | Gained mutation: Armour fits poorly on your strangely shaped body. [mutagenic meat]
  8209 | D:9      | Gained mutation: Your magical capacity is low (-10% MP). [mutagenic meat]
  8567 | D:9      | Reached XP level 11. HP: 51/53 MP: 13/13
  8641 | D:9      | Found a sparkling altar of Nemelex Xobeh.
  9734 | D:7      | Found an iron altar of Okawaru.
  9740 | D:7      | Became a worshipper of Warmaster Okawaru
  9740 | D:7      | Acquired Okawaru's first power
  9886 | Lair:1   | Entered Level 1 of the Lair of Beasts
  9906 | D:9      | Reached skill level 15 in Unarmed Combat
  9998 | Lair:1   | Reached skill level 5 in Fighting
 10597 | Lair:2   | Reached skill level 5 in Dodging
 10814 | Lair:2   | Noticed an eight-headed hydra
 10822 | Lair:2   | Killed an eight-headed hydra
 10907 | Lair:2   | Gained mutation: You regenerate. [vine stalker growth]
 10907 | Lair:2   | Reached XP level 12. HP: 43/60 MP: 14/14
 11215 | Lair:2   | Noticed a six-headed hydra
 11219 | Lair:2   | Killed a six-headed hydra
 11537 | Lair:2   | Reached skill level 5 in Armour
 11731 | Lair:3   | Reached skill level 16 in Unarmed Combat
 11799 | Lair:3   | Found a hole to the Spider Nest.
 12622 | Lair:3   | Acquired Okawaru's second power
 14351 | Lair:4   | Noticed Erica
 14360 | Lair:4   | Killed Erica
 14425 | Lair:5   | Identified a scroll of acquirement
 14488 | Lair:5   | Reached XP level 13. HP: 58/67 MP: 15/15
 14531 | Lair:5   | Received a gift from Okawaru
 14764 | Lair:5   | Found a staircase to the Swamp.
 16326 | Lair:6   | Reached skill level 17 in Unarmed Combat
 16546 | Lair:7   | Found a runed door.
 16547 | Lair:7   | Found a viscous altar of Jiyva.
 16548 | Lair:7   | Noticed an acid blob
 16549 | Lair:7   | Found a staircase to the Slime Pits.
 16560 | Lair:7   | Killed an acid blob
 16677 | Lair:7   | Learned a level 2 spell: Blink
 16680 | Lair:7   | Learned a level 2 spell: Repel Missiles
 17017 | Lair:7   | Received a gift from Okawaru
 17020 | Lair:7   | Got a faintly glowing plate armour {god gift}
 17038 | Lair:7   | Identified the -4 plate armour of the Three Souls {rPois MP+9} (Okawaru gifted it to you on level 7 of the Lair of Beasts)
 17698 | Lair:8   | Entered Level 8 of the Lair of Beasts
 17730 | Lair:7   | Reached XP level 14. HP: 60/74 MP: 14/16
 18306 | Lair:8   | Reached skill level 18 in Unarmed Combat
 19531 | Lair:2   | Noticed a five-headed hydra
 19536 | Lair:2   | Killed a five-headed hydra
 19601 | D:10     | Entered Level 10 of the Dungeon
 19623 | D:10     | Noticed Eustachio
 19634 | D:10     | Killed Eustachio
 20038 | D:11     | Gained mutation: You have sharp fingernails. [mutagenic meat]
 20039 | D:11     | Gained mutation: You tend to lose your temper in combat. [mutagenic meat]
 20040 | D:11     | Gained mutation: Your spells are a little harder to cast, but a little more powerful. [mutagenic meat]
 20041 | D:11     | Gained mutation: You are partially covered in large bone plates (AC +2, SH +2). [mutagenic meat]
 20051 | D:11     | Noticed Fannar
 20052 | D:11     | Received a gift from Okawaru
 20063 | D:11     | Killed Fannar
 20332 | D:11     | Found a staircase to the Orcish Mines.
 20485 | Orc:1    | Entered Level 1 of the Orcish Mines
 20529 | Orc:1    | Found a bloodstained altar of Trog.
 20625 | Orc:2    | Found Geavvoerr's Distillery.
 20751 | Orc:2    | Found a roughly hewn altar of Beogh.
 20900 | Orc:2    | Noticed Sonja
 20911 | Orc:2    | Killed Sonja
 20921 | Orc:2    | Reached XP level 15. HP: 80/80 MP: 17/17
 21148 | Orc:2    | Found a roughly hewn altar of Beogh.
 21423 | Orc:1    | Found a radiant altar of Vehumet.
 21856 | Orc:3    | Found a staircase to the Elven Halls.
 22361 | Orc:4    | Entered Level 4 of the Orcish Mines
 22609 | Orc:4    | Received a gift from Okawaru
 23070 | Orc:4    | Found Qifuok's Magic Scroll Shop.
 23070 | Orc:4    | Found Cepa's Food Shop.
 23109 | Orc:4    | Found Peqacean's Book Boutique.
 23121 | Orc:4    | Found Voifuecrocs' Distillery.
 23154 | Orc:4    | Bought a potion of mutation for 40 gold pieces
 23154 | Orc:4    | Bought a potion of degeneration for 16 gold pieces
 23163 | Orc:4    | Reached skill level 10 in Fighting
 23235 | Orc:4    | Reached skill level 19 in Unarmed Combat
 23748 | Swamp:1  | Entered Level 1 of the Swamp
 24158 | Swamp:1  | Gained mutation: You are covered in fur (AC +1). [mutagenic meat]
 24162 | Swamp:1  | Lost mutation: Your magical capacity is low (-10% MP). [mutagenic meat]
 24164 | Swamp:1  | Gained mutation: Your flesh is cold resistant. [mutagenic meat]
 24516 | Swamp:2  | Got a wizard robe
 24655 | Swamp:2  | Identified the +2 robe of Weogyodgh {+Inv rPois MR+ Str-3} (You found it on level 2 of the Swamp)
 24829 | Swamp:2  | Noticed Roxanne
 24875 | Swamp:2  | Noticed a thorn hunter
 24888 | Swamp:2  | Killed a thorn hunter
 25830 | Swamp:3  | Received a gift from Okawaru
 26041 | Swamp:3  | Reached XP level 16. HP: 56/86 MP: 13/20
 26571 | Swamp:4  | Received a gift from Okawaru
 26709 | Swamp:4  | Reached skill level 10 in Dodging
 26875 | Swamp:4  | Noticed a thorn hunter
 26999 | Swamp:4  | Killed a thorn hunter
 27004 | Swamp:4  | Reached skill level 20 in Unarmed Combat
 27322 | Swamp:4  | Gained mutation: You have a pair of small antennae on your head. [mutagenic meat]
 27323 | Swamp:4  | Noticed Louise
 27358 | Swamp:3  | Gained mutation: You are frail (-10% HP). [mutagenic meat]
 27359 | Swamp:3  | Gained mutation: Your spells are harder to cast, but more powerful. [mutagenic meat]
 27361 | Swamp:3  | Lost mutation: You are partially covered in large bone plates (AC +2, SH +2). [mutagenic meat]
 27362 | Swamp:3  | Gained mutation: You possess an exceptional clarity of mind. [mutagenic meat]
 27364 | Swamp:3  | Gained mutation: You are clumsy. (Dex -2) [mutagenic meat]
 27392 | Swamp:4  | Killed Louise
 27528 | Swamp:5  | Entered Level 5 of the Swamp
 27559 | Swamp:5  | Noticed Saint Roka
 27622 | Swamp:4  | Gained mutation: You are partially covered in molten scales (AC +1). [potion of mutation]
 27623 | Swamp:4  | Gained mutation: You expend magic power (3 MP) to slightly strengthen your wands. [potion of mutation]
 28011 | Swamp:5  | Reached skill level 10 in Armour
 28082 | Swamp:5  | Noticed the 27-headed Lernaean hydra
 28158 | Swamp:5  | Received a gift from Okawaru
 28161 | Swamp:5  | Got a heavily runed scale mail {god gift}
 28172 | Swamp:5  | Identified the -4 scale mail "Oqikenoa" {rPois rC+ MP-9 Str-5 SInv} (Okawaru gifted it to you on level 5 of the Swamp)
 28823 | Spider:1 | Entered Level 1 of the Spider Nest
 29043 | Spider:1 | Noticed Rupert
 29059 | Spider:1 | Paralysed by Rupert for 3 turns
 29364 | D:11     | Reached XP level 17. HP: 81/81 MP: 18/21
 29560 | D:11     | Found a deep blue altar of Sif Muna.
 30574 | D:12     | Found Qacohiot's Blood Bar.
 30749 | D:13     | You fall through a shaft for 2 floors!
 30749 | D:15     | Entered Level 15 of the Dungeon
 30987 | D:14     | Lost mutation: You are frail (-10% HP). [mutagenic meat]
 30988 | D:14     | Lost mutation: Armour fits poorly on your strangely shaped body. [mutagenic meat]
 30989 | D:14     | Lost mutation: Your spells are harder to cast, but more powerful. [mutagenic meat]
 31052 | D:14     | Lost mutation: Your flesh is cold resistant. [mutagenic meat]
 31053 | D:14     | Gained mutation: You have a somewhat thin skeletal structure (Dex +2, Stealth). [mutagenic meat]
 31784 | D:13     | Received a gift from Okawaru
 31910 | D:13     | Noticed Urug
 31918 | D:13     | Killed Urug
 31980 | D:13     | Noticed Harold
 31986 | D:13     | Killed Harold
 32071 | D:13     | Reached skill level 21 in Unarmed Combat
 32152 | D:13     | Found a gate to the Vaults.
 32189 | D:13     | Got a ripped robe
 32191 | D:13     | Identified the +2 robe of Pride {rElec rPois rF+ Int-3 Dex+4} (You found it on level 13 of the Dungeon)
 32403 | D:13     | Noticed Erolcha
 32412 | D:13     | Killed Erolcha
 32412 | D:13     | Received a gift from Okawaru
 33060 | Swamp:5  | Killed Saint Roka
 33159 | Swamp:5  | Killed the 27-headed Lernaean hydra
 33159 | Swamp:5  | Received a gift from Okawaru
 33228 | Swamp:5  | Noticed Mara
 33231 | Swamp:5  | Noticed Fiveotanaka's illusion
 33508 | Swamp:5  | Reached XP level 18. HP: 95/98 MP: 19/21
 33654 | Swamp:5  | Got a decaying rune of Zot
 33790 | Swamp:5  | Killed Mara
 34328 | Lair:3   | Received a gift from Okawaru
 34356 | Lair:3   | Killed Rupert
 34775 | Spider:2 | Noticed Nikola
 34787 | Spider:2 | Killed Nikola
 35742 | Spider:2 | Received a gift from Okawaru
 36138 | Spider:3 | Noticed Aizul
 36146 | Spider:3 | Killed Aizul
 36289 | Spider:3 | Reached skill level 1 in Invocations
 37009 | Spider:3 | Received a gift from Okawaru
 37269 | Spider:4 | Reached skill level 22 in Unarmed Combat
 38134 | Spider:5 | Entered Level 5 of the Spider Nest
 38142 | Spider:5 | Reached XP level 19. HP: 96/103 MP: 23/26
 38354 | Spider:5 | Noticed Wiglaf
 38364 | Spider:5 | Killed Wiglaf
 38364 | Spider:5 | Received a gift from Okawaru
 38643 | Spider:5 | Learned a level 3 spell: Flight
 39092 | Spider:5 | Got a gossamer rune of Zot
 39613 | Vaults:1 | Entered Level 1 of the Vaults
 39632 | Vaults:1 | Reached skill level 5 in Invocations
 39766 | Vaults:1 | Lost mutation: You have a pair of small antennae on your head. [mutagenic meat]
 39768 | Vaults:1 | Lost mutation: You tend to lose your temper in combat. [mutagenic meat]
 39769 | Vaults:1 | Gained mutation: You tend to lose your temper in combat. [mutagenic meat]
 39817 | Vaults:1 | Found a glowing golden altar of the Shining One.
 40075 | Vaults:1 | HP: 4/103 [yaktaur/bolt[a vault warden] (19)]
 40076 | Vaults:1 | Shot with a bolt by a yaktaur

Action                   |  1- 3 |  4- 6 |  7- 9 | 10-12 | 13-15 | 16-18 | 19-21 || total
-------------------------+-------+-------+-------+-------+-------+-------+-------++-------
Melee: Unarmed           |    65 |   139 |   432 |   746 |  1334 |  1261 |   265 ||  4242
Throw: Stone             |       |       |       |       |       |    15 |       ||    15
Invok: Heroism           |       |       |       |     3 |       |     5 |       ||     8
  Use: Potion            |       |     1 |       |       |       |     2 |       ||     3
       Scroll            |       |       |     4 |    12 |     9 |    17 |     3 ||    45
 Stab: Sleeping          |       |     1 |     4 |     5 |    21 |       |       ||    31
       Distracted        |       |       |       |     1 |     1 |     2 |       ||     4
       Confused          |       |       |       |       |     1 |     1 |       ||     2
  Eat: Chunk             |       |     5 |    13 |    18 |    47 |    48 |    11 ||   142
       Royal jelly       |       |       |       |     1 |       |       |       ||     1
       Pizza             |       |       |       |     2 |     5 |     2 |       ||     9
       Bread ration      |       |       |       |     1 |       |       |       ||     1
       Beef jerky        |       |       |       |       |     1 |     5 |       ||     6
